 Dungeon Crawl Stone Soup version 0.21.1-1-g345015fe64 (webtiles) character file.

4966 MsStandart the Basher (level 10, -5/93 HPs)
             Began as a Minotaur Berserker on June 15, 2018.
             Was a High Priest of Trog.
             Killed from afar by a balrug (7 damage)
             ... with a sticky flame
             ... on level 2 of the Abyss on June 16, 2018.
             The game lasted 00:36:00 (8332 turns).

MsStandart the Basher (Minotaur Berserker)          Turns: 8332, Time: 00:36:00

Health: -5/93      AC: 18    Str: 25    XL:     10   Next: 28%
Magic:  9/9        EV: 10    Int:  4    God:    Trog [*****.]
Gold:   295        SH:  0    Dex: 10    Spells: 9/9 levels left

rFire    . . .     SeeInvis .   D - +0 morningstar
rCold    . . .     Gourm    +   (no shield)
rNeg     . . .     Faith    .   I - +0 plate armour
rPois    .         Spirit   .   (helmet restricted)
rElec    .         Reflect  .   (no cloak)
rCorr    .         Harm     .   m - +0 pair of gloves
MR       .....                  B - +1 pair of boots
Stlth    ..........             d - amulet of the gourmand
HPRegen  0.25/turn              j - ring of stealth
MPRegen  0.11/turn              l - +2 ring of evasion

@: liquid flames, glowing
A: retaliatory headbutt, horns 2
a: Berserk, Trog's Hand, Brothers in Arms, Burn Spellbooks, Renounce Religion


You were on level 2 of the Abyss.
You worshipped Trog.
Trog was extremely pleased with you.
You were very full.

You visited 1 branch of the dungeon, and saw 8 of its levels.
You visited the Abyss 1 time.
You also visited: Sewer.

You collected 295 gold pieces.

Inventory:

Hand Weapons
 a - a +1 mace
 r - a +1 flail of protection
 y - a +0 hand axe
 D - a +0 morningstar (weapon)
Armour
 m - a +0 pair of gloves (worn)
 B - a +1 pair of boots (worn)
 I - a +0 plate armour (worn)
Jewellery
 d - an amulet of the gourmand (around neck)
 g - a cursed ring of loudness {unknown}
 j - a ring of stealth (left hand)
 l - a +2 ring of evasion (right hand)
 n - an uncursed ring of magical power
 E - an uncursed ring of ice {unknown}
 G - an uncursed ring of protection from cold {unknown}
 J - an uncursed ring of resist corrosion {unknown}
 K - a cursed ring of loudness {unknown}
Wands
 p - a wand of polymorph (14)
 F - a wand of clouds (6)
Scrolls
 f - 2 scrolls of identify
 h - a scroll of blinking
 i - a scroll of enchant weapon
 k - a scroll of enchant armour
 s - 2 scrolls of teleportation
 w - 2 scrolls of magic mapping
Potions
 b - 6 potions of curing
 e - 2 potions of degeneration {unknown}
 o - 4 potions of agility
 q - a potion of mutation {unknown}
 t - 7 potions of flight
 u - a potion of brilliance {unknown}
 v - 3 potions of heal wounds
 x - 3 potions of might
 z - a potion of haste {unknown}
 A - a potion of invisibility {unknown}
 H - a potion of lignification {unknown}
Comestibles
 c - 18 rations


   Skills:
 + Level 9.8 Fighting
 * Level 12.9 Maces & Flails
 + Level 9.4 Armour
 - Level 2.1 Dodging


You had 9 spell levels left.
You didn't know any spells.

Dungeon Overview and Level Annotations

Branches:
Dungeon (8/15)             Temple (0/1) D:7
   Lair: D:8-11

Altars:
Dithmenos
Fedhas
Makhleb
Sif Muna
Uskayaw
Xom

Shops:
D:7 }


Innate Abilities, Weirdness & Mutations

You reflexively headbutt those who attack you in melee.
You have a pair of horns on your head.


Message History

The sun demon shouts!
You feel much better.
Evoke which item? (* to show all) (? for menu, Esc to quit)
Aiming: Polymorph
Press: ? - help, Shift-Dir - straight line, f - sun demon
Aim: a sun demon (chance to defeat MR: 6%)
The sun demon resists with almost no effort.
You completely miss the sun demon.
You headbutt the sun demon, but do no damage.
The sun demon hits you!
* * * LOW HITPOINT WARNING * * *
You are engulfed in flames!!
* * * LOW HITPOINT WARNING * * *
A balrug comes into view.
It is wielding a demon whip of electrocution.
The balrug shouts!
The sun demon barely misses you. The balrug gestures at you.
The sticky flame hits you!
You are covered in liquid flames!
You die...

# . #.########
..#........###
........@.3..#
.....2.....#.#
.....#######.#
..# ........#
.. ..$....# .#
....... ..#
...#... #.#
....... .#
#...... .#


You could see a balrug and a sun demon.

Vanquished Creatures
  The ghost of Foic the Blocker, a novice DDFi of Makhleb (D:8)
  An ancient zyme (Abyss:2)
  A hippogriff (D:7)
  Sigmund (D:2)
  A small abomination (Abyss:2)
  Eustachio (D:6)
  2 steam dragons
  The ghost of raetorn the Charmwright, an amateur GnSk (D:3)
  4 orc warriors
  A phantom (D:5)
  4 sky beasts
  An ice beast (D:6)
  4 ogres
  2 centaurs (D:6)
  A big kobold (Sewer)
  A bullfrog (D:8)
  2 scorpions
  3 wights (D:6)
  3 howler monkeys (D:7)
  6 crimson imps
  4 hounds
  A jelly (D:6)
  A bullfrog skeleton (D:8)
  4 orc priests
  2 orc wizards
  2 centaur skeletons
  2 iguanas
  Terence (D:2)
  Natasha (twice) (D:3)
  3 worker ants
  A hound skeleton (D:4)
  15 adders
  6 river rats (Sewer)
  An ooze (Sewer)
  3 adder skeletons
  3 dart slugs
  2 leopard geckos (D:3)
  38 orcs
  2 giant cockroaches (D:1)
  7 goblins
  4 hobgoblins
  14 jackals
  24 kobolds
  3 quokkas
  5 ball pythons (Sewer)
  9 bats
  6 frilled lizards
  A quokka skeleton (D:7)
  27 rats
  A lurking horror (Abyss:2)
235 creatures vanquished.

Notes
Turn   | Place    | Note
-------+----------+-------------------------------------------
     0 | D:1      | MsStandart the Minotaur Berserker began the quest for the Orb.
     0 | D:1      | Reached XP level 1. HP: 19/19 MP: 0/0
   341 | D:1      | Reached skill level 4 in Maces & Flails
   374 | D:1      | Reached XP level 2. HP: 27/27 MP: 1/1
   652 | D:1      | Reached XP level 3. HP: 33/33 MP: 2/2
  1161 | D:2      | Found a shimmering altar of Xom.
  1161 | D:2      | Found a blossoming altar of Fedhas.
  1183 | D:2      | Reached ** piety under Trog
  1184 | D:2      | Noticed Terence
  1226 | D:2      | Noticed Sigmund
  1230 | D:2      | Killed Terence
  1233 | D:2      | Killed Sigmund
  1233 | D:2      | Reached skill level 5 in Fighting
  1233 | D:2      | Reached skill level 6 in Maces & Flails
  1233 | D:2      | Reached XP level 4. HP: 42/42 MP: 3/3
  1233 | D:2      | Reached XP level 5. HP: 48/48 MP: 4/4
  1316 | D:2      | Found a faded altar of an unknown god.
  2059 | D:3      | Found a burning altar of Makhleb.
  2210 | D:3      | Reached XP level 6. HP: 56/56 MP: 5/5
  2232 | D:3      | Found a glowing drain.
  2236 | Sewer    | Entered a sewer
  2590 | Sewer    | Reached *** piety under Trog
  2651 | Sewer    | Reached skill level 7 in Maces & Flails
  3280 | D:3      | Noticed Natasha
  3282 | D:3      | Killed Natasha
  3282 | D:3      | Reached skill level 5 in Armour
  3282 | D:3      | Reached XP level 7. HP: 62/62 MP: 6/6
  3327 | D:3      | Noticed Natasha
  3335 | D:3      | Killed Natasha
  3604 | D:3      | Noticed raetorn's ghost (amateur GnSk)
  3643 | D:3      | Killed raetorn's ghost
  4004 | D:4      | Reached skill level 8 in Maces & Flails
  4345 | D:4      | Reached **** piety under Trog
  4622 | D:5      | Entered Level 5 of the Dungeon
  4889 | D:5      | Found a shadowy altar of Dithmenos.
  4953 | D:5      | Reached XP level 8. HP: 63/71 MP: 7/7
  5167 | D:5      | Reached skill level 9 in Maces & Flails
  5707 | D:6      | Reached skill level 10 in Maces & Flails
  5906 | D:6      | Found a hide-covered altar of Uskayaw.
  6377 | D:6      | Reached XP level 9. HP: 81/81 MP: 8/8
  6435 | D:6      | Noticed Eustachio
  6444 | D:6      | Killed Eustachio
  6561 | D:7      | Reached skill level 11 in Maces & Flails
  6642 | D:7      | Reached ***** piety under Trog
  6650 | D:7      | Received a gift from Trog
  6918 | D:7      | Found Ickevedwe's Gadget Shop.
  6930 | D:7      | Found a staircase to the Ecumenical Temple.
  7034 | D:7      | Found a deep blue altar of Sif Muna.
  7371 | D:8      | Reached skill level 12 in Maces & Flails
  7741 | D:8      | Noticed Foic's ghost (novice DDFi)
  7758 | D:8      | Killed Foic's ghost
  7758 | D:8      | Reached XP level 10. HP: 43/91 MP: 9/9
  8028 | D:8      | Found a shadowy altar of Dithmenos.
  8228 | D:8      | Cast into level 2 of the Abyss (orc warrior)
  8322 | Abyss:2  | Noticed a sun demon
  8326 | Abyss:2  | HP: 1/93 [sun demon[a balrug] (18)]
  8330 | Abyss:2  | Noticed a balrug
  8332 | Abyss:2  | Killed from afar by a balrug

Skill      XL: |  1  2  3  4  5  6  7  8  9 |
---------------+----------------------------+-----
Maces & Flails | 4 6 7 8 10 12 | 12.9
Fighting       | 4 5 6 7 9 |  9.8
Armour         | 3 4 5 6 7 9 |  9.4
Dodging        | |  2.1

Action                   |  1- 3 |  4- 6 |  7- 9 | 10-12 || total
-------------------------+-------+-------+-------+-------++-------
Melee: Mace              |    61 |   135 |    69 |       ||   265
       Headbutt          |    11 |    18 |    75 |    10 ||   114
       Morningstar       |       |       |   265 |    51 ||   316
Invok: Berserk           |     1 |       |     1 |     1 ||     3
Evoke: Wand              |       |       |       |     1 ||     1
  Use: Scroll            |     4 |     4 |    16 |       ||    24
       Potion            |       |       |     2 |     4 ||     6
 Stab: Sleeping          |       |     2 |       |       ||     2
  Eat: Chunk             |    10 |     8 |    16 |     2 ||    36
Armor: Ring mail         |    23 |    50 |     4 |       ||    77
       Chain mail        |       |       |    91 |       ||    91
       Plate armour      |       |       |    66 |    23 ||    89
Dodge: Dodged            |    44 |   121 |   166 |    17 ||   348
